AoeStats
← Cer Spence

Black Forest

509354755Analyzed
2v2 RM · 5d ago on Sep 26, 2026· 66m 38s· 4 players
Game mode
Random Map
Map size
Medium (4 player)
Population
200
Speed
Normal
Resources
Standard
Victory
Conquest
Starting age
Dark Age
Ending age
Imperial Age
RankedLock teamsTeams togetherTeam positionsShared explorationLock speedFull tech treeHidden civsTurbo modeCheats
Victory
Defeat
🇺🇸 Teutons · United States
710
+12
🇱🇺 Cumans · Luxembourg
554
+19
🇸🇪 Tatars · Sweden
626
-16
🇸🇪 Vikings · Sweden
614
-15
Cer Spence
13:29 Feudal Age
14:04 Double-Bit Axe
14:15 Horse Collar
18:03 Castle Age
19:22 Loom
29:04 Heavy Plow
30:25 Wheelbarrow
30:18 Forging
30:23 Scale Barding Armor
31:53 Hand Cart
32:04 Bow Saw
32:51 Town Watch
36:39 Imperial Age
34:50 Town Patrol
35:20 Gold Mining
36:33 Iron Casting
36:37 Chain Barding Armor
37:05 Ballistics
36:56 Fortified Wall
38:20 Blast Furnace
38:06 Crop Rotation
40:41 Plate Barding Armor
39:58 Fletching
40:08 Padded Archer Armor
40:45 Elite Keshik
46:32 Heavy Scorpion
48:15 Pikeman
48:55 Squires
48:40 Arson
50:02 Halberdier
54:05 Gold Shaft Mining
53:20 Stone Mining
54:35 Elite Skirmisher
General Sauce
15:53 Feudal Age
16:41 Gold Mining
19:38 Double-Bit Axe
21:39 Forging
21:29 Scale Mail Armor
24:09 Castle Age
22:58 Stone Mining
23:16 Padded Archer Armor
23:06 Fletching
24:43 Crossbowman
29:10 Horse Collar
33:07 Imperial Age
32:51 Bow Saw
32:47 Heavy Plow
36:17 Ballistics
37:19 Masonry
36:56 Onager
39:09 Leather Archer Armor
38:50 Bodkin Arrow
39:30 Iron Casting
39:11 Chain Mail Armor
39:01 Scale Barding Armor
39:45 Treadmill Crane
40:35 Architecture
47:51 Elite Berserk
64:03 Loom
66:48 Two-Man Saw
El Gringo (6ty9ne)
2:05 Loom
2:40 Loom
11:13 Feudal Age
13:25 Wheelbarrow
13:37 Double-Bit Axe
13:36 Horse Collar
15:12 Wheelbarrow
14:39 Gold Mining
18:58 Stone Mining
22:13 Castle Age
23:40 Hand Cart
25:44 Bow Saw
26:13 Gold Shaft Mining
25:41 Heavy Plow
26:01 Pikeman
27:01 Caravan
28:17 Light Cavalry
29:12 Bloodlines
30:38 Squires
31:01 Crossbowman
35:05 Thumb Ring
35:22 Steppe Husbandry
39:15 Imperial Age
39:11 Scale Barding Armor
39:07 Scale Mail Armor
39:17 Forging
38:58 Fletching
39:08 Padded Archer Armor
41:35 Conscription
40:41 Elite Kipchak
41:32 Cuman Mercenaries
43:01 Chemistry
42:21 Ballistics
41:53 Heated Shot
41:58 Murder Holes
42:14 Masonry
41:52 Halberdier
45:19 Iron Casting
44:59 Chain Mail Armor
45:05 Chain Barding Armor
45:00 Leather Archer Armor
44:40 Bodkin Arrow
45:58 Two-Man Saw
45:31 Crop Rotation
49:14 Cavalier
49:15 Hussar
49:16 Elite Steppe Lancer
Alberto Picante
0:31 Loom
15:17 Feudal Age
16:49 Wheelbarrow
16:03 Double-Bit Axe
16:02 Horse Collar
16:23 Gold Mining
16:25 Stone Mining
23:10 Castle Age
24:38 Hand Cart
24:25 Heavy Plow
25:05 Stone Shaft Mining
24:44 Bow Saw
24:31 Pikeman
32:58 Caravan
37:42 Imperial Age
36:36 Fortified Wall
36:37 Masonry
36:52 Ironclad
36:28 Fletching
36:49 Forging
36:39 Scale Mail Armor
36:42 Squires
36:27 Gambesons
36:29 Arson
38:11 Ballistics
40:35 Chemistry
39:43 Siege Engineers
39:00 Onager
41:28 Bodkin Arrow
42:09 Iron Casting
41:49 Chain Mail Armor
45:53 Blast Furnace
45:24 Plate Mail Armor
44:53 Halberdier
46:34 Conscription
46:49 Hoardings
46:38 Crenellations
45:40 Elite Teutonic Knight
47:58 Padded Archer Armor
48:03 Scale Barding Armor
47:21 Man-at-Arms
47:24 Siege Onager
47:30 Capped Ram
51:39 Leather Archer Armor
54:06 Ring Archer Armor
52:58 Long Swordsman
54:53 Two-Man Saw
54:30 Crop Rotation
57:18 Heavy Scorpion
65:01 Two-Handed Swordsman
Connection lost

Rejoining the realm…

Still unreachable

The connection could not be restored.

Session expired

The server has moved on; the page needs a fresh start.